 Dungeon Crawl Stone Soup version 0.28-a0-8-g6e044cfa68 (webtiles) character file.

Game seed: 5404709333842193881

74 Sin92 the Skirmisher (level 4, -14/35 HPs)
             Began as a Demonspawn Fighter on July 24, 2021.
             Demolished by an orc warrior (17 damage)
             ... on level 3 of the Dungeon.
             The game lasted 00:01:36 (2106 turns).

Sin92 the Skirmisher (Demonspawn Fighter)           Turns: 2106, Time: 00:01:37

Health: -14/35     AC:  9    Str: 16    XL:     4   Next: 10%
Magic:  4/4        EV:  7    Int:  9    God:
Gold:   130        SH: 14    Dex: 14    Spells: 3/3 levels left

rFire   . . .      SeeInvis .   a - +0 long sword
rCold   . . .      Faith    .   c - +0 kite shield
rNeg    . . .      Spirit   .   b - +0 scale mail
rPois   .          Reflect  +   (no helmet)
rElec   .          Harm     .   o - +0 cloak
rCorr   .          Rampage  .   (no gloves)
Will    .....                   (no boots)
Stlth   ..........              n - amulet of reflection
HPRegen 0.11/turn               (no ring)
MPRegen 0.09/turn               (no ring)

@: mighty, hasted, very quick
A: yellow scales 1
a: no special abilities


You were on level 3 of the Dungeon.
You visited 1 branch of the dungeon, and saw 3 of its levels.

You collected 130 gold pieces.

Inventory:

Hand Weapons
 a - a +0 long sword (weapon)
Armour
 b - a +0 scale mail (worn)
 c - a +0 kite shield (worn)
 o - a +0 cloak (worn)
Jewellery
 n - an amulet of reflection (around neck)
Potions
 g - a potion of magic {unknown}
 i - a potion of attraction {unknown}
 l - a potion of brilliance
 m - a potion of degeneration


   Skills:
 + Level 3.3 Fighting
 * Level 2.7 Long Blades
 + Level 3.0 Armour
 + Level 1.2 Dodging
 + Level 3.1 Shields


You had 3 spell levels left.
You didn't know any spells.
Your spell library was empty.

Dungeon Overview and Level Annotations

Branches:
Dungeon (3/15)

Altars:


Innate Abilities, Weirdness & Mutations

You are partially covered in yellow scales. (AC +2)


Message History

The orc warrior shouts!
The orc priest shouts!
Found two stone staircases leading down.
There are monsters nearby!
Unknown command.
The orc priest looks satisfied for a moment.
Unknown command.
There are monsters nearby!
Unknown command.
There are monsters nearby!
You feel very mighty all of a sudden.
The orc priest hits you with a +0 hand axe.
You slice the orc priest!!
You kill the orc priest!
You hear a shout!
The orc warrior throws a boomerang.
You reflect the boomerang off an invisible shield around you!
The boomerang closely misses the orc warrior.
The orc throws a boomerang.
You reflect the boomerang off an invisible shield around you!
The boomerang hits the orc.
Your Armour skill increases to level 3!
You have reached level 4!
You feel agile.
A kobold comes into view. It is wielding a +0 club.
The orc warrior hits you with a +0 battleaxe!
A goblin comes into view. It is wielding a +0 club.
You block the orc's attack.
Found a stone staircase leading down.
You see here a +0 hand axe.
You slash the orc warrior!
The orc warrior is heavily wounded.
The orc warrior barely misses you.
You riposte.
You slash the orc warrior!
The orc warrior is severely wounded.
The orc hits you with a +0 war axe!
The orc warrior hits you with a +0 battleaxe!
* * * LOW HITPOINT WARNING * * *
It was a potion of haste.
You feel yourself speed up. You block the orc's attack.
The orc warrior hits you with a +0 battleaxe!
You die...

#. .> .# g# # .#
#. .####
#.#####o...##.
## #...g@oK.....
#.###..###...###
#.#.#.# .#.#
#.##g# # #<##.#
#.##.# #.##..
#(...> #.##>.


You could see an orc warrior, an orc, 2 goblins and a kobold.

Vanquished Creatures
  An orc priest (D:3)
  An adder (D:2)
  2 dart slugs (D:1)
  3 bats
  An endoplasm (D:1)
  2 goblins
  6 hobgoblins
  2 quokkas (D:2)
  2 ball pythons (D:1)
  4 frilled lizards
  4 kobolds (D:2)
  3 rats
31 creatures vanquished.

Vanquished Creatures (others)
  5 plants (D:2)
5 creatures vanquished.

Grand Total: 36 creatures vanquished

Notes
Turn   | Place    | Note
-------+----------+-------------------------------------------
     0 | D:1      | Sin92 the Demonspawn Fighter began the quest for the Orb.
     0 | D:1      | Reached XP level 1. HP: 18/18 MP: 1/1
   656 | D:1      | Gained mutation: You are partially covered in yellow
                  | scales. (AC +2) [demonic ancestry]
   656 | D:1      | Reached XP level 2. HP: 24/24 MP: 2/2
   952 | D:1      | Found a faded altar of an unknown god.
  1326 | D:2      | Reached XP level 3. HP: 29/29 MP: 3/3
  1415 | D:2      | Reached skill level 1 in Dodging
  2099 | D:3      | Noticed an orc warrior
  2104 | D:3      | Reached XP level 4. HP: 34/35 MP: 4/4
  2106 | D:3      | Demolished by an orc warrior

Illustrated notes

Levels and vault maps discovered:
D:1:      lemuel_arrival_broad_hall, layout_basic,
          shapermc_ecumenical_altar_pompeii
D:2:      layout_basic, serial_bayou, serial_bayou_pond_c,
          serial_bayou_lagoon_a, serial_bayou_pond_e, serial_bayou_shore_b
D:3:      corexii_shack_village, layout_loops_ring, minmay_starry_boxes

Skill      XL: |  1  2  3 |
---------------+----------+-----
Long Blades    | 2 |  2.7
Dodging        | 1 |  1.2
Shields        | 3 |  3.1
Armour         | 3 |  3.0
Fighting       | |  3.3

Action                   |  1- 3 |  4- 6 || total
-------------------------+-------+-------++-------
Melee: Long sword        |    84 |     1 ||    85
  Use: Scroll            |     5 |       ||     5
       Potion            |     1 |     1 ||     2
Armor: Scale mail        |    38 |       ||    38
Dodge: Dodged            |    26 |     1 ||    27
Block: Kite shield       |    46 |     2 ||    48
       Reflection        |     2 |       ||     2
       Rpst.: Long sword |     6 |     1 ||     7

Table legend: (Time is in decaauts)
 A = Elapsed time spent in this place.
 B = Non-inter-level travel time spent in this place.
 C = Inter-level travel time spent in this place.
 D = Time resting spent in this place.
 E = Time spent auto-exploring this place.
 F = Levels seen in this place.
 G = Mean time per level.
                   A        B        C        D        E       F      G
               +--------+--------+--------+--------+--------+-----+--------+
         Total |   2159 |   2121 |     38 |    166 |   1679 |   3 |  719.7 |
       Dungeon |   2159 |   2121 |     38 |    166 |   1679 |   3 |  719.7 |
               +--------+--------+--------+--------+--------+-----+--------+

Top non-repeatable levels by time:
     D:2: 1099 daAuts
     D:1: 1049 daAuts
     D:3: 10 daAuts
